Map: Ephemeron LE

Players

Toh

  • Race: Protoss Protoss
  • Spawn Location: 5:00

Khun (Ranger) - Winner!

  • Race: Protoss Protoss
  • Spawn Location: 11:00

Event: SEA Games 2019

VOD

https://youtu.be/ZENaesZKp5E

Description

Time

  • Played on: Dec. 5, 2019, 3:05 a.m.
  • Length: 8:51

All games in this series

Show
View Real Time Build Order
Export as new Build Order

Toh Protoss 

Build Orders:  

Get SALT Encoding   

  12  0:00  Probe  
  13  0:12  Probe  
  14  0:25  Probe  
  15  0:33  Pylon  
  15  0:51  Gateway  
  15  0:52  Gateway  
  15  0:58  Forge  
  15  1:14  Pylon  
  15  1:37  Zealot (Chrono Boost)  
  15  1:38  Zealot (Chrono Boost)  
  19  1:41  Photon Cannon  
  19  1:51  Photon Cannon  
  19  1:56  Zealot (Chrono Boost)  
  22  2:04  Zealot (Chrono Boost)  
  22  2:13  Photon Cannon  
  22  2:18  Zealot (Chrono Boost)  
  24  2:28  Photon Cannon  
  24  2:39  Zealot  
  24  2:54  Pylon  
  24  2:58  Zealot  
  24  3:06  Zealot  
  26  3:20  Photon Cannon  
  26  3:21  Photon Cannon  
  19  3:38  Probe  
  19  3:39  Pylon  
  18  3:46  Assimilator  
  18  3:53  Probe  
  19  4:05  Probe  
  19  4:09  Gateway  
  20  4:10  Cybernetics Core  
  20  4:16  Assimilator  
  20  4:17  Probe  
  21  4:30  Probe  
  22  4:42  Probe  
  23  4:47  Robotics Facility  
  23  4:54  Probe, Adept (Chrono Boost)  
  26  5:02  Warp Gate  
  26  5:06  Probe  
  23  5:17  Adept  
  23  5:18  Probe  
  26  5:23  Pylon  
  26  5:31  Immortal (Chrono Boost)  
  24  5:44  Probe  
  25  5:51  Gateway  
  25  5:56  Probe  
  26  6:08  Warp Prism (Chrono Boost)  
  25  6:33  Probe  
  26  6:43  Stargate  
  26  6:45  Probe  
  27  6:54  Stalker  
  29  6:55  Stalker  
  31  7:01  Pylon  
  30  7:20  Probe  
  31  7:25  Phoenix (Chrono Boost)  
  31  7:28  Adept  
  35  7:35  Probe  
  36  7:41  Phoenix  
  38  7:54  Probe  
  38  7:56  Pylon  
  39  8:14  Probe, Phoenix  
  40  8:28  Sentry  
  42  8:36  Adept  
Show
View Real Time Build Order
Export as new Build Order

Khun Protoss - Winner!

Build Orders:  

Get SALT Encoding   

  12  0:00  Probe  
  13  0:12  Probe  
  14  0:17  Pylon  
  14  0:24  Probe  
  15  0:35  Gateway  
  15  0:37  Probe (Chrono Boost)  
  16  0:46  Assimilator  
  16  0:47  Probe (Chrono Boost)  
  17  0:52  Probe (Chrono Boost)  
  17  0:56  Assimilator  
  18  1:03  Probe  
  19  1:12  Gateway  
  19  1:16  Pylon  
  19  1:22  Zealot (Chrono Boost)  
  21  1:28  Cybernetics Core  
  21  1:39  Pylon  
  21  1:55  Probe  
  22  2:07  Adept (Chrono Boost)  
  26  2:12  Adept (Chrono Boost)  
  26  2:20  Shield Battery  
  24  2:43  Stalker  
  26  2:46  Stalker  
  28  2:53  Warp Gate (Chrono Boost)  
  28  3:03  Probe  
  28  3:05  Pylon  
  29  3:11  Shield Battery  
  29  3:13  Shield Battery  
  27  3:33  Shield Battery  
  29  3:37  Probe  
  30  3:45  Gateway  
  28  3:49  Gateway  
  28  4:00  Robotics Facility  
  28  4:10  Probe  
  29  4:27  Probe  
  29  4:28  Shield Battery  
  30  4:31  Gateway  
  30  4:43  Stalker  
  33  4:48  Warp Prism (Chrono Boost)  
  34  5:05  Pylon  
  34  5:14  Stalker  
  34  5:16  Stalker  
  34  5:17  Observer  
  39  5:27  Pylon  
  37  5:44  Observer  
  37  5:46  Stalker x2  
  42  5:56  Gateway  
  40  6:11  Pylon  
  40  6:18  Immortal (Chrono Boost)  
  42  6:38  Stalker x2  
  46  6:52  Immortal (Chrono Boost)  
  50  7:04  Sentry x2  
  54  7:28  Probe  
  55  7:40  Nexus  
  55  7:51  Stalker x2  
  59  8:00  Sentry  
  59  8:04  Pylon  
  61  8:25  Adept x2  
  63  8:28  Probe, Adept  
Tags
 
Add a new tag
Caveats
  • Supply blocks, unpowered buildings, or Contaminate may cause inaccurate times.
  • Supply counts are checked every 10 seconds.